 Dungeon Crawl Stone Soup version 0.24-a0-422-g9eff3895ba (webtiles) character file.

Game seed: 9302325593993391787

74 pzail the Grave Robber (level 4, 0/24 HPs)
             Began as a Vampire Necromancer on June 12, 2019.
             Slain by Grinder (5 damage)
             ... on level 3 of the Dungeon.
             The game lasted 00:22:40 (2188 turns).

pzail the Grave Robber (Vampire Necromancer)        Turns: 2188, Time: 00:22:40

Health: 0/24       AC:  2    Str:  7    XL:     4   Next: 9%
Magic:  8/8        EV: 13    Int: 17    God:
Gold:   131        SH:  0    Dex: 15    Spells: 7/8 levels left

rFire    . . .     SeeInvis +   l - +3 dagger (speed)
rCold    . . .     Gourm    .   (no shield)
rNeg     . . .     Faith    +   a - +0 robe
rPois    .         Spirit   .   (no helmet)
rElec    .         Reflect  .   (no cloak)
rCorr    .         Harm     .   (no gloves)
MR       .....                  (no boots)
Stlth    ++........             g - amulet of faith
HPRegen  0.28/turn              (no ring)
MPRegen  0.11/turn              (no ring)

@: regenerating quickly
A: no food, fangs 3, see invisible, [frail 2], unbreathing
a: Exsanguinate


You were on level 3 of the Dungeon.
You were alive.

You visited 1 branch of the dungeon, and saw 3 of its levels.

You collected 131 gold pieces.

Inventory:

Hand Weapons
 b - a +0 dagger
 k - a +0 dagger
 l - a +3 dagger of speed (weapon)
Missiles
 c - 123 stones (quivered)
Armour
 a - a +0 robe (worn)
Jewellery
 g - an amulet of faith (around neck)
Wands
 n - a wand of clouds (5)
Scrolls
 d - a scroll of immolation {unknown}
 e - a scroll of fear {unknown}
 h - 3 scrolls of remove curse {unknown}
 i - 3 scrolls of identify {unknown}
 m - a scroll of enchant armour {unknown}
Potions
 f - a potion of haste {unknown}
 j - 2 potions of mutation {unknown}
 o - a potion of invisibility {unknown}


   Skills:
 + Level 1.1 Short Blades
 + Level 2.2 Dodging
 + Level 3.3 Stealth
 + Level 2.8 Spellcasting
 + Level 5.3 Necromancy


You had 7 spell levels left.
You knew the following spells:

 Your Spells              Type           Power        Failure   Level  Hunger
a - Pain                  Necr           ###.         1%          1    N/A

Your spell library contained the following spells:

 Spells                   Type           Power        Failure   Level  Hunger
 Animate Skeleton         Necr           N/A          1%          1    N/A
 Vampiric Draining        Necr           ###.......   6%          3    N/A
 Regeneration             Chrm/Necr      ##........   19%         3    N/A
 Animate Dead             Necr           N/A          19%         4    N/A

Dungeon Overview and Level Annotations

Branches:
Dungeon (3/15)

Altars:
Dithmenos

Annotations:
D:3 Grinder


Innate Abilities, Weirdness & Mutations

You do not eat.
Your natural rate of healing is unusually fast.
You have razor-sharp teeth.
You have supernaturally acute eyesight. (SInv)
You can survive without breathing.
[You are very frail. (-20% HP)]


Message History

There is a stone staircase leading down here.
You climb downwards.
There is a stone staircase leading up here.
You now have 117 gold pieces (gained 9).
Found a stone staircase leading down.
You now have 131 gold pieces (gained 14).
You open the door.
There is an open door here.
You open the door.
Grinder comes into view.
Grinder shouts!
Grinder hits you!
You writhe in agony.
There is an open door here.
You barely miss Grinder. You hit Grinder. You bite Grinder, but do no damage.
Grinder is lightly wounded.
Grinder hits you.
* * * LOW HITPOINT WARNING * * *
You writhe in agony.
You die...

##+##
####...#
+.5@...##
####....#
##'#.#
#.#.#
#.#.###+#
#.#..##.#
#.##.##.#
#.##..#.#
#.###.#.#


You could see Grinder.

Vanquished Creatures
  An adder (D:2)
  A worm (D:2)
  2 leopard geckos
  2 ball pythons
  7 bats
  3 giant cockroaches (D:2)
  6 goblins
  7 hobgoblins
  4 frilled lizards
  8 kobolds
  18 rats
59 creatures vanquished.

Notes
Turn   | Place    | Note
-------+----------+-------------------------------------------
     0 | D:1      | pzail the Vampire Necromancer began the quest for the Orb.
     0 | D:1      | Reached XP level 1. HP: 13/13 MP: 3/3
   370 | D:1      | Reached XP level 2. HP: 13/13 MP: 1/5
   619 | D:1      | Reached skill level 5 in Necromancy
   907 | D:1      | Reached XP level 3. HP: 19/19 MP: 4/6
  1357 | D:2      | Reached skill level 1 in Short Blades
  1727 | D:2      | Reached XP level 4. HP: 24/24 MP: 5/8
  2016 | D:2      | Found a shadowy altar of Dithmenos.
  2185 | D:3      | Noticed Grinder
  2188 | D:3      | Slain by Grinder

Levels and vault maps discovered:
D:1:      erik_arrival_orb_chamber, layout_loops_corners, minmay_close_crescents
D:2:      layout_basic, lemuel_doored_altar
D:3:      layout_basic, nicolae_ru_great_annihilating_truth,
          chequers_ecumenical_altar_simple_redux, grunt_ministairs_14,
          uniq_grinder

Skill      XL: |  1  2  3 |
---------------+----------+-----
Necromancy     | 5 |  5.3
Short Blades   | 1 |  1.1
Dodging        | |  2.2
Stealth        | |  3.3
Spellcasting   | |  2.8

Action                   |  1- 3 |  4- 6 || total
-------------------------+-------+-------++-------
Melee: Unarmed           |     1 |       ||     1
       Dagger            |    30 |     5 ||    35
       Bite              |     3 |     1 ||     4
 Cast: Pain              |    74 |     8 ||    82
 Abil: Exsanguinate      |     2 |       ||     2
       Revivify          |     2 |       ||     2
 Stab: Sleeping          |     1 |       ||     1
Armor: Robe              |     8 |     2 ||    10
Dodge: Dodged            |    25 |     3 ||    28

Table legend:
 A = Non-vault XP
 B = Vault XP
 C = Vault XP percentage of total XP
 D = Non-vault monster count
 E = Vault monster count
 F = Vault count percentage of total count
                 A         B        C        D         E       F
            +---------+---------+-------+---------+---------+-------
      Total |      88 |      18 |  17.0 |      43 |      16 |  27.1
            +---------+---------+-------+---------+---------+-------
        D:1 |      31 |      18 |  36.7 |      19 |      16 |  45.7
        D:2 |      57 |       0 |   0.0 |      24 |       0 |   0.0
            +---------+---------+-------+---------+---------+-------
